 Dungeon Crawl Stone Soup version 0.21.1-1-g345015f (webtiles) character file.

62 iamserjio the Shield-Bearer (level 4, 0/29 HPs)
             Began as a Gargoyle Fighter on July 1, 2018.
             Slain by a ball python (1 damage)
             ... in a sewer.
             The game lasted 00:02:43 (400 turns).

iamserjio the Shield-Bearer (Gargoyle Fighter)       Turns: 400, Time: 00:02:44

Health: 0/29       AC: 11    Str: 19    XL:     4   Next: 8%
Magic:  4/4        EV:  4    Int:  9    God:
Gold:   4          SH:  9    Dex: 10    Spells: 3/3 levels left

rFire    . . .     SeeInvis .   a - +0 war axe
rCold    . . .     Gourm    .   c - +0 shield
rNeg     + . .     Faith    +   b - +0 scale mail
rPois    ∞         Spirit   .   g - +0 helmet
rElec    +         Reflect  .   (no cloak)
rCorr    .         Harm     .   (no gloves)
MR       .....                  (no boots)
Stlth    ..........             e - amulet of faith
HPRegen  0.09/turn              (no ring)
MPRegen  0.09/turn              (no ring)

@: constricted
A: negative energy resistance 1, electricity resistance, unbreathing,
petrification resistance, rot immunity, AC +3
a: no special abilities


You were in a sewer.
You were not hungry.

You visited 1 branch of the dungeon, and saw 4 of its levels.
You also visited: Sewer.

You collected 4 gold pieces.

Inventory:

Hand Weapons
 a - a +0 war axe (weapon)
Armour
 b - a +0 scale mail (worn)
 c - a +0 shield (worn)
 g - a +0 helmet (worn)
Jewellery
 e - an amulet of faith (around neck)
Scrolls
 i - a scroll of fear {unknown}
 j - a scroll of teleportation {unknown}
Potions
 d - a potion of might
Comestibles
 f - a ration


   Skills:
 + Level 3.8 Fighting
 + Level 2.4 Axes
 + Level 3.8 Armour
 + Level 3.9 Shields


You had 3 spell levels left.
You didn't know any spells.

Dungeon Overview and Level Annotations

Branches:
Dungeon (4/15)
 Temple: D:4-7

Altars:

Annotations:
D:4 Grinder


Innate Abilities, Weirdness & Mutations

You are resistant to torment.
Your stone body is resilient. (AC +3)
You are immune to poison.
You resist negative energy. (rN+)
You are resistant to electric shocks. (rElec)
You can survive without breathing.
You are immune to petrification.
You are immune to rotting.


Message History

You block the ball python's attack. The ball python constricts you.
You barely miss the ball python. You barely miss the rat.
You block the rat's attack.
The ball python bites you but does no damage.
The ball python constricts you. The rat bites you but does no damage.
The ball python bites you but does no damage.
The ball python constricts you.
You closely miss the ball python. You hit the rat.
You kill the rat!
The ball python bites you but does no damage.
The ball python constricts you.
You closely miss the ball python.
The ball python bites you but does no damage.
* * * LOW HITPOINT WARNING * * *
The ball python constricts you. The ball python barely misses you.
The ball python constricts you.
You closely miss the ball python. You block the ball python's attack.
The ball python constricts you.
The ball python bites you but does no damage.
You die...

### #.. #.#
####..#
#..@##
#.###S#
#######.###
≈.≈.≈≈≈..∩#
.≈≈.≈≈≈≈≈∩#
###########


You could see a ball python.

Vanquished Creatures
  2 river rats (Sewer)
  A worm (D:4)
  A dart slug (D:1)
  2 leopard geckos
  2 bats (D:2)
  6 giant cockroaches
  3 goblins (D:2)
  5 hobgoblins
  2 jackals (D:1)
  2 quokkas
  2 kobolds
  6 rats
34 creatures vanquished.

Notes
Turn   | Place    | Note
-------+----------+-------------------------------------------
     0 | D:1      | iamserjio the Gargoyle Fighter began the quest for the Orb.
     0 | D:1      | Reached XP level 1. HP: 14/14 MP: 1/1
    55 | D:2      | Reached XP level 2. HP: 19/19 MP: 2/2
   216 | D:1      | Reached XP level 3. HP: 18/23 MP: 3/3
   306 | D:4      | Noticed Grinder
   329 | D:3      | You fall through a shaft!
   357 | D:4      | Found a glowing drain.
   361 | Sewer    | Entered a sewer
   393 | Sewer    | Reached XP level 4. HP: 3/29 MP: 4/4
   399 | Sewer    | HP: 1/29 [ball python (1)]
   400 | Sewer    | Slain by a ball python

Skill      XL: |  1  2 |
---------------+-------+-----
Axes           | 2 |  2.4
Fighting       | |  3.8
Armour         | |  3.8
Shields        | |  3.9

Action                   |  1- 3 |  4- 6 || total
-------------------------+-------+-------++-------
Melee: War axe           |   111 |     7 ||   118
  Use: Scroll            |     1 |       ||     1
Armor: Scale mail        |    77 |    11 ||    88
Dodge: Dodged            |    44 |     3 ||    47
Block: Shield            |    87 |     4 ||    91
